 Dungeon Crawl Stone Soup version 0.29.0-4-gdea44cf6ec (webtiles) character file.

Game seed: 15256382603869272467

424 qw the Ruffian (level 6, -7/50 HPs)
             Began as a Ghoul Fire Elementalist on Aug 29, 2022.
             Mangled by a gnoll
             ... wielding a +2 halberd of distortion
              (12 damage)
             ... on level 5 of the Dungeon.
             The game lasted 00:03:24 (3828 turns).

qw the Ruffian (Ghoul Fire Elementalist)            Turns: 3828, Time: 00:03:25

Health: -7/50      AC: 13    Str: 19    XL:     6   Next: 96%
Magic:  7/7        EV:  7    Int: 10    God:
Gold:   230        SH:  0    Dex:  9    Spells: 7/8 levels left

rFire   + . .      SeeInvis +     - Unarmed
rCold   + . .      Faith    .   (no shield)
rNeg    + + +      Spirit   .   d - +3 chain mail
rPois   inf        Reflect  .   l - +2 hat of Action {rF+ Will- Str+5 SInv}
rElec   .          Harm     .   (no cloak)
rCorr   .          Rampage  .   (no gloves)
Will    .....                   (no boots)
Stlth   ..........              (no amulet)
HPRegen 0.00/turn               (no ring)
MPRegen 0.10/turn               (no ring)

@: inhibited regen
A: claws 1, cold resistance 1, negative energy resistance 3, inhibited
regeneration, torment resistance 2, devour on kill
a: no special abilities


You were on level 5 of the Dungeon.
You visited 1 branch of the dungeon, and saw 5 of its levels.

You collected 230 gold pieces.


Innate Abilities, Weirdness & Mutations

You are immune to poison.
You have sharp fingernails.
Your flesh is cold resistant. (rC+)
You are immune to negative energy. (rN+++)
You do not regenerate when monsters are visible.
You are immune to unholy pain and torment.
You thrive by killing the living.


   Skills:
 + Level 2.6 Fighting
 - Level 2.4 Armour
 - Level 1.7 Dodging
 - Level 2.1 Stealth
 - Level 6.0 Unarmed Combat
 - Level 1.7 Spellcasting
 - Level 0.7 Conjurations
 - Level 2.4 Fire Magic


You had 7 spell levels left.
You knew the following spells:

 Your Spells              Type           Power      Damage    Failure   Level
a - Foxfire               Conj/Fire      16%        2x1d4     90%         1

Your spell library contained the following spells:

 Spells                   Type           Power      Damage    Failure   Level
 Scorch                   Fire           10%        2d6       91%         2
 Conjure Flame            Conj/Fire      4%         6-21      99%         3
 Inner Flame              Hex/Fire       3%         N/A       100%        3
 Flame Wave               Conj/Fire      4%         2d5       100%        4

Inventory:

Missiles
 i - 4 boomerangs (quivered)
Armour
 d - a +3 chain mail (worn)
 l - the +2 hat of Action (worn) {rF+ Will- Str+5 SInv}
   (You acquired it on level 4 of the Dungeon)

   Str:       It affects your strength (+5).
   rF:        It protects you from fire.
   SInv:      It lets you see invisible.
   Will:      It decreases your willpower.
Scrolls
 c - a scroll of identify
 k - 2 scrolls of enchant armour
Potions
 b - a potion of mutation {unknown}
 e - a potion of might {unknown}
 f - a potion of lignification {unknown}
 g - a potion of haste {unknown}
 h - 2 potions of curing

Dungeon Overview and Level Annotations

Branches:
Dungeon (5/15)
 Temple: D:4-7

Altars:


Message History

You struggle against the net.
The gnoll hits you with a +0 whip. The gnoll hits you but does no damage.
Space warps around you.
You rip the net and break free!
The gnoll hits you but does no damage.
The gnoll hits you from afar with a +2 halberd of distortion.
Space warps horribly around you!
3804 ||| READING scroll of teleportation.
As you read the scroll of teleportation, it crumbles to dust.
You feel strangely unstable. The gnoll closely misses you.
The gnoll hits you but does no damage.
You blink.
Found a scroll of noise.
3805 ||| DRINKING potion of heal wounds.
You feel much better.
You scratch the gnoll.
The gnoll is moderately wounded.
The gnoll hits you but does no damage.
You claw the gnoll!
You kill the gnoll!
You feel better.
The gnoll hits you from afar with a +2 halberd of distortion!
Space warps horribly around you!
Your surroundings suddenly seem different.
Found 3 scrolls labelled ETAFAHOIJU and 11 gold pieces.
Enter note: You start resting.
A gnoll is nearby!
The gnoll closely misses you.
The gnoll hits you with a +2 halberd of distortion.
You scratch the gnoll.
The gnoll is lightly wounded.
The gnoll hits you with a +2 halberd of distortion!
Space warps around you.
You barely miss the gnoll.
The gnoll is lightly wounded.
The gnoll hits you but does no damage.
You blink.
You claw the gnoll!
The gnoll is severely wounded.
The gnoll hits you with a +2 halberd of distortion!
You die...

#### #... ###
##..#####..
#....>...#
#...#....#
#.#........#
#....)g....#
###.#####.##
#.#####@##
#?.....g.#
..####.ยค.# #.
#...# #. #...#
#. #...# #...#
...............
..........?$...


You could see a gnoll.

Vanquished Creatures
  A black bear (D:4)
  A phantom (D:4)
  A scorpion (D:4)
  3 hounds
  An adder (D:4)
  2 gnolls
  5 worms
  2 dart slugs (D:1)
  An orc (D:3)
  6 ball pythons
  4 endoplasms
  3 giant cockroaches
  8 goblins
  9 hobgoblins
  4 kobolds
  7 quokkas
  5 bats
  4 frilled lizards
  5 rats
72 creatures vanquished.

Notes
Turn   | Place    | Note
-------+----------+-------------------------------------------
     0 | D:1      | qw the Ghoul Fire Elementalist began the quest for the Orb.
     0 | D:1      | Reached XP level 1. HP: 14/14 MP: 2/2
     0 | D:1      | 0 ||| qw: Version: 0.1-a-90-g952f4b7
     0 | D:1      | 0 ||| qw: Game counter: 3956
     0 | D:1      | 0 ||| qw: Always use a shield: true
     0 | D:1      | 0 ||| qw: God list: Okawaru
     0 | D:1      | 0 ||| qw: Allow faded altars: false
     0 | D:1      | 0 ||| qw: Do Orc after D:15 true
     0 | D:1      | 0 ||| qw: Do second Lair branch before Depths: true
     0 | D:1      | 0 ||| qw: Lair rune preference: random
     0 | D:1      | 0 ||| qw: Plans: Normal
     0 | D:1      | 0 ||| PLANNING D:1-11
    31 | D:1      | 31 ||| Stepping ~*~*~tactically~*~*~ (outnumbered).
    32 | D:1      | 32 ||| Stepping ~*~*~tactically~*~*~ (outnumbered).
    38 | D:1      | Reached skill level 1 in Unarmed Combat
    83 | D:1      | Reached skill level 1 in Fighting
    83 | D:1      | Reached XP level 2. HP: 23/23 MP: 3/3
   288 | D:1      | 288 ||| Stepping ~*~*~tactically~*~*~ (stealth).
   289 | D:1      | 289 ||| Stepping ~*~*~tactically~*~*~ (stealth).
   298 | D:1      | 298 ||| Stepping ~*~*~tactically~*~*~ (outnumbered).
   299 | D:1      | 299 ||| Stepping ~*~*~tactically~*~*~ (outnumbered).
   379 | D:1      | Reached skill level 2 in Unarmed Combat
   464 | D:1      | 464 ||| Stepping ~*~*~tactically~*~*~ (hiding).
   467 | D:1      | 467 ||| Stepping ~*~*~tactically~*~*~ (hiding).
   499 | D:1      | Reached XP level 3. HP: 26/28 MP: 4/4
   528 | D:1      | 528 ||| Stepping ~*~*~tactically~*~*~ (stealth).
   530 | D:1      | 530 ||| Stepping ~*~*~tactically~*~*~ (stealth).
   761 | D:1      | Found a faded altar of an unknown god.
   886 | D:1      | 886 ||| UPGRADING to +3 chain mail.
   896 | D:1      | 896 ||| DROPPING +0 robe.
   897 | D:1      | 897 ||| READING scroll labelled IGOCSU AMEGHO.
   898 | D:1      | 898 ||| READING scroll labelled GOLYPT RUZESCHI.
   899 | D:1      | 899 ||| DROPPING potion of magic.
  1087 | D:2      | Reached skill level 3 in Unarmed Combat
  1215 | D:2      | 1215 ||| Stepping ~*~*~tactically~*~*~ (stealth).
  1222 | D:2      | 1222 ||| Stepping ~*~*~tactically~*~*~ (stealth).
  1223 | D:2      | 1223 ||| Stepping ~*~*~tactically~*~*~ (stealth).
  1840 | D:2      | Reached XP level 4. HP: 35/35 MP: 5/5
  2033 | D:2      | 2033 ||| READING 3 scrolls labelled WUELYTREAXTO.
  2034 | D:2      | 2034 ||| READING scroll labelled JAAPSE DOGA.
  2037 | D:2      | 2037 ||| READING 2 scrolls labelled GUR LEPOSTRIWKO.
  2038 | D:2      | 2038 ||| DRINKING 2 orange potions.
  2039 | D:2      | 2039 ||| DROPPING 2 scrolls of butterflies.
  2224 | D:3      | 2224 ||| Stepping ~*~*~tactically~*~*~ (stealth).
  2722 | D:3      | 2722 ||| READING scroll labelled FEACKYMUOM.
  2723 | D:3      | 2723 ||| READING 2 scrolls labelled YKICKA JYPLEYCHOZ.
  2724 | D:3      | 2724 ||| READING scroll labelled MUHAGOY ITUQUL.
  2725 | D:3      | 2725 ||| DRINKING 3 sapphire potions.
  2726 | D:3      | 2726 ||| DRINKING 2 clear potions.
  2727 | D:3      | 2727 ||| DROPPING potion of brilliance.
  2728 | D:3      | 2728 ||| DROPPING scroll of fear.
  2744 | D:4      | 2744 ||| STAIRDANCE
  2800 | D:4      | 2800 ||| STAIRDANCE
  2806 | D:3      | Reached skill level 4 in Unarmed Combat
  2929 | D:4      | 2929 ||| STAIRDANCE
  2944 | D:4      | Reached XP level 5. HP: 41/41 MP: 6/6
  3079 | D:4      | Identified the +2 dagger of Zanyrob {vamp, rElec Will-
                  | Dex+4}
  3085 | D:4      | Noticed a phantom
  3103 | D:4      | Killed a phantom
  3159 | D:4      | 3159 ||| FLEEEEING.
  3160 | D:4      | 3160 ||| FLEEEEING.
  3161 | D:4      | 3161 ||| FLEEEEING.
  3162 | D:4      | 3162 ||| FLEEEEING.
  3163 | D:4      | 3163 ||| FLEEEEING.
  3164 | D:4      | 3164 ||| FLEEEEING.
  3165 | D:4      | 3165 ||| FLEEEEING.
  3166 | D:4      | 3166 ||| FLEEEEING.
  3167 | D:4      | 3167 ||| FLEEEEING.
  3168 | D:4      | 3168 ||| FLEEEEING.
  3169 | D:4      | 3169 ||| FLEEEEING.
  3170 | D:4      | 3170 ||| FLEEEEING.
  3171 | D:4      | 3171 ||| STAIRDANCE
  3180 | D:3      | 3180 ||| FLEEEEING.
  3181 | D:3      | 3181 ||| STAIRDANCE
  3234 | D:4      | Reached XP level 6. HP: 44/48 MP: 7/7
  3267 | D:4      | 3267 ||| STAIRDANCE
  3349 | D:4      | Reached skill level 5 in Unarmed Combat
  3384 | D:4      | Noticed a black bear
  3395 | D:4      | Killed a black bear
  3396 | D:4      | Reached skill level 6 in Unarmed Combat
  3660 | D:4      | 3660 ||| READING scroll labelled LIAN ZESUPNU.
  3661 | D:4      | 3661 ||| READING scroll labelled FACUGH POTO.
  3661 | D:4      | Identified a scroll of acquirement
  3661 | D:4      | 3661 ||| ACQUIRING +2 hat of Action {rF+ Will- Str+5 SInv}
  3661 | D:4      | Acquired the +2 hat of Action {rF+ Will- Str+5 SInv}
  3663 | D:4      | 3663 ||| UPGRADING to +2 hat of Action {rF+ Will- Str+5
                  | SInv}.
  3693 | D:5      | Entered Level 5 of the Dungeon
  3694 | D:5      | 3694 ||| STAIRDANCE
  3803 | D:5      | HP: 7/50 [gnoll/+2 halberd of distortion (17)]
  3804 | D:5      | 3804 ||| READING scroll of teleportation.
  3805 | D:5      | 3805 ||| DRINKING potion of heal wounds.
  3826 | D:5      | HP: 10/50 [gnoll/+2 halberd of distortion (8)]
  3828 | D:5      | Mangled by a gnoll

Levels and vault maps discovered:
D:1:      zaba_arrival_water, layout_basic, dilly_ecumenical_altar_fadedgnrine
D:2:      layout_loops_corners, dk_noncrumbling_4, minmay_pentomino_z4
D:3:      layout_loops_ring
D:4:      layout_rooms, grunt_ministairs_2, chequers_serial_rivers_marsh
D:5:      layout_loops_cross, serial_shops, shop, uniq_duvessa

Skill      XL: |  1  2  3  4  5  6 |
---------------+-------------------+-----
Unarmed Combat | 1 2 3 4 6 |  6.0
Fighting       | 1 2 |  2.6
Armour         | 2 |  2.4
Dodging        | |  1.7
Stealth        | |  2.1
Spellcasting   | |  1.7
Conjurations   | |  0.7
Fire Magic     | |  2.4

Action                   |  1- 3 |  4- 6 || total
-------------------------+-------+-------++-------
Melee: Unarmed           |   168 |   156 ||   324
       Punch             |     2 |     3 ||     5
Throw: Boomerang         |       |    27 ||    27
  Use: Scroll            |     2 |     9 ||    11
       Potion            |       |     4 ||     4
Armor: Robe              |    19 |       ||    19
       Chain mail        |    22 |   105 ||   127
Dodge: Dodged            |    68 |    44 ||   112

Table legend:
 A = Non-vault XP
 B = Vault XP
 C = Vault XP percentage of total XP
 D = Non-vault monster count
 E = Vault monster count
 F = Vault count percentage of total count
                 A         B        C        D         E       F
            +---------+---------+-------+---------+---------+-------
      Total |     561 |      46 |   7.6 |      69 |       3 |   4.2
            +---------+---------+-------+---------+---------+-------
        D:1 |      50 |       0 |   0.0 |      26 |       0 |   0.0
        D:2 |      39 |       1 |   2.5 |      19 |       1 |   5.0
        D:3 |      16 |      45 |  73.8 |       9 |       2 |  18.2
        D:4 |     442 |       0 |   0.0 |      14 |       0 |   0.0
        D:5 |      14 |       0 |   0.0 |       1 |       0 |   0.0
            +---------+---------+-------+---------+---------+-------
